 Dungeon Crawl Stone Soup version 0.30-a0-297-g0ec75d9ef4 (webtiles) character file.

Game seed: 18062060049986464778

1460 NinjaNoafa the Cutter (level 8, -4/58 HPs)
             Began as a Merfolk Gladiator on Oct 18, 2022.
             Was a Follower of Uskayaw.
             Slain by an orc warrior
             ... wielding a +0 dire flail
              (11 damage)
             ... on level 6 of the Dungeon on Oct 19, 2022.
             The game lasted 00:18:49 (5660 turns).

NinjaNoafa the Cutter (Merfolk Gladiator)           Turns: 5660, Time: 00:18:50

Health: -4/58      AC:  6    Str: 14    XL:     8   Next: 76%
Magic:  10/13      EV: 14    Int:  7    God:    Uskayaw [*.....]
Gold:   308        SH:  0    Dex: 18    Spells: 7/7 levels left

rFire   + + .      SeeInvis .    a - +0 rapier
rCold   . . .      Faith    .    (no shield)
rNeg    . . .      Spirit   .    x - +2 robe {Will+}
rPois   .          Reflect  .    c - +0 helmet
rElec   .          Harm     .    e - +0 cloak
rCorr   +          Rampage  .    (no gloves)
Will    +....      Clarity  +    (no boots)
Stlth   ++++......               (no amulet)
HPRegen 0.29/turn                v - ring of resist corrosion
MPRegen 0.13/turn                l - ring of protection from fire

@: mighty
A: (nimble swimmer 2), mertail, clarity, fire resistance 1, sense surroundings 1
a: Renounce Religion, Stomp


You were on level 6 of the Dungeon.
You worshipped Uskayaw.
Uskayaw was noncommittal.
You visited 2 branches of the dungeon, and saw 7 of its levels.

You collected 308 gold pieces.

Inventory:

Hand Weapons
 a - a +0 rapier (weapon)
Missiles
 d - 4 throwing nets
 g - 70 stones
 u - 14 poisoned darts
 z - 3 boomerangs (quivered)
Armour
 c - a +0 helmet (worn)
 e - a +0 cloak (worn)
 x - a +2 robe of willpower (worn)
Jewellery
 l - a ring of protection from fire (right hand)
 p - a ring of magical power
 v - a ring of resist corrosion (left hand)
 C - a ring of protection from fire
Wands
 s - a wand of light (9)
 B - a wand of mindburst (8)
Scrolls
 b - 3 scrolls of teleportation
 h - a scroll of enchant weapon {unknown}
 i - a scroll of vulnerability {unknown}
 k - 3 scrolls of amnesia
 n - a scroll of fear
 o - a scroll of torment {unknown}
 t - a scroll of enchant armour {unknown}
 y - 2 scrolls of magic mapping {unknown}
Potions
 j - 4 potions of curing
 m - a potion of magic
 q - 3 potions of attraction
 r - 2 potions of flight
 A - a potion of ambrosia


   Skills:
 - Level 3.0 Fighting
 - Level 7.0 Short Blades
 - Level 2.0 Throwing
 + Level 5.0 Dodging
 - Level 7.0 Stealth
 - Level 7.0 Invocations


You had 7 spell levels left.
You didn't know any spells.
Your spell library contained the following spells:

 Spells                   Type           Power      Damage    Failure   Level
 Magic Dart               Conj           0%         1d3       43%         1
 Shock                    Conj/Air       0%         1d3       43%         1
 Blink                    Tloc           0%         N/A       56%         2
 Call Imp                 Summ           0%         N/A       56%         2
 Momentum Strike          Conj/Tloc      0%         3d8       56%         2
 Dazzling Flash           Conj/Hex       0%         N/A       80%         3
 Lesser Beckoning         Tloc           0%         N/A       80%         3
 Mephitic Cloud           Conj/Pois/Air  0%         N/A       80%         3
 Swiftness                Air            0%         N/A       80%         3
 Airstrike                Air            0%         2d(0-16)  99%         4
 Iskenderun's Mystic Bla  Conj/Tloc      0%         2d3       99%         4
 Starburst                Conj/Fire      0%         6d3       100%        6


Dungeon Overview and Level Annotations

Branches:
Dungeon (6/15)             Temple (1/1) D:5

Altars:
Cheibriados
Dithmenos
Elyvilon
Fedhas
Gozag
Hepliaklqana
Makhleb
Nemelex Xobeh
Ru
Sif Muna
Uskayaw
Vehumet
Wu Jian
Xom
Yredelemnul
Zin
The Shining One

Shops:
D:3 !   D:5 (


Innate Abilities, Weirdness & Mutations

((You are very nimble when in or above water. (Stealth+, EV+, Speed+++)))
Your lower body shifts to a powerful aquatic tail in water.
You possess an exceptional clarity of mind.
Your flesh is heat resistant. (rF+)
You passively map a small area around you.


Message History

The orc priest closely misses you. The orc warrior closely misses you.
The orc attacks as you move away! The orc completely misses you.
The orc priest attacks as you move away!
The orc priest barely misses you.
The orc warrior hits you with a +0 dire flail.
You hit the orc warrior.
The orc warrior is moderately wounded.
The orc closely misses you. The orc warrior barely misses you.
You hit the orc warrior but do no damage.
The orc warrior is moderately wounded.
The orc misses you.
The orc priest calls down the wrath of Beogh upon you.
Beogh smites you!
You hit the orc.
The orc is almost dead.
You feel less invigorated.
You feel less confused. The orc hits you with a +0 hand axe.
The orc priest hits you with a +0 falchion.
You barely miss the orc.
The orc is almost dead.
The orc closely misses you.
You hit the orc.
You kill the orc!
You hit the orc priest.
The orc priest is moderately wounded.
The orc priest calls down the wrath of Beogh upon you.
Pain shoots through your body!
* * * LOW HITPOINT WARNING * * *
The orc warrior hits you with a +0 dire flail!
* * * LOW HITPOINT WARNING * * *
You can now pass through a line of other dancers.
You hit the orc priest.
The orc priest is severely wounded.
You stomp with the beat, sending a shockwave through the revellers around you!
You kill the orc priest!
The orc warrior is heavily wounded.
You can no longer pass through a line of other dancers.
The orc warrior hits you with a +0 dire flail!
You die...

### ##.## * ########
######...######..
.......###................
######.##≈≈≈###..o.##### ,
# #.##≈.≈# ##@#.# *, ,
######.##≈.≈####)#.# .
##.......≈.≈.......##....
##.###.##..###......).)..
...# #.#..............#..
,, ####
#.#.#####.#..#.###** ** #
#.#.# #........ * * # *
#.#.#####..#####.# * .
..#.##.....#...#### ,


You could see an orc warrior.

Vanquished Creatures
  A black bear (D:6)
  An ogre (D:4)
  A centaur (D:6)
  2 phantoms
  2 bullfrogs
  2 necrophages (D:6)
  2 howler monkeys
  2 hounds
  A jelly (D:4)
  Crazy Yiuf (D:2)
  3 orc priests
  9 iguanas
  An iron imp (D:6)
  Jessica (D:2)
  An orc wizard (D:6)
  6 gnolls
  8 adders
  2 white imps (D:6)
  4 worms
  A dart slug (D:3)
  15 orcs
  7 ball pythons
  4 bats
  12 endoplasms
  3 giant cockroaches (D:3)
  4 goblins
  5 hobgoblins
  3 frilled lizards
  8 kobolds
  4 rats
116 creatures vanquished.

Notes
Turn   | Place    | Note
-------+----------+-------------------------------------------
     0 | D:1      | NinjaNoafa the Merfolk Gladiator began the quest for the
                  | Orb.
     0 | D:1      | Reached XP level 1. HP: 16/16 MP: 1/1
    47 | D:1      | Reached skill level 1 in Stealth
   171 | D:1      | Reached XP level 2. HP: 21/22 MP: 2/2
   358 | D:1      | Found a faded altar of an unknown god.
   583 | D:1      | Reached XP level 3. HP: 27/27 MP: 3/3
   885 | D:2      | Found a runed translucent door.
   886 | D:2      | Noticed Crazy Yiuf
   895 | D:2      | Killed Crazy Yiuf
   896 | D:2      | Reached XP level 4. HP: 17/33 MP: 4/4
  1191 | D:2      | Noticed Jessica
  1199 | D:2      | Killed Jessica
  1849 | D:3      | Found Urchateys's Distillery.
  2121 | D:3      | Reached XP level 5. HP: 35/38 MP: 5/5
  2511 | D:3      | You fall into a shaft and drop 2 floors!
  2511 | D:5      | Entered Level 5 of the Dungeon
  2534 | D:5      | Gained mutation: You passively map a small area around you.
                  | [potion of mutation]
  2534 | D:5      | Gained mutation: Your flesh is heat resistant. (rF+)
                  | [potion of mutation]
  2534 | D:5      | Gained mutation: You possess an exceptional clarity of
                  | mind. [potion of mutation]
  2545 | D:5      | Reached skill level 5 in Short Blades
  2682 | D:5      | Found a radiant altar of Vehumet.
  2747 | D:5      | Found a staircase to the Ecumenical Temple.
  2756 | Temple   | Entered the Ecumenical Temple
  2793 | Temple   | Became a worshipper of Uskayaw the Reveller
  2843 | D:5      | Noticed a phantom
  2850 | D:5      | Reached * piety under Uskayaw
  2852 | D:5      | Reached ** piety under Uskayaw
  2855 | D:5      | Reached *** piety under Uskayaw
  2856 | D:5      | Killed a phantom
  2857 | D:5      | Reached skill level 5 in Stealth
  2857 | D:5      | Reached XP level 6. HP: 33/46 MP: 6/6
  3259 | D:4      | Reached **** piety under Uskayaw
  3486 | D:4      | Reached XP level 7. HP: 38/52 MP: 7/7
  3961 | D:4      | Found a burning altar of Makhleb.
  3980 | D:4      | Reached skill level 1 in Invocations
  4401 | D:5      | Found Yklil's Antique Weapon Shop.
  4673 | D:6      | Reached XP level 8. HP: 57/58 MP: 10/10
  4690 | D:6      | Reached ***** piety under Uskayaw
  4706 | D:6      | HP: 2/56 [gnoll/+0 flail (3)]
  4722 | D:6      | Reached skill level 5 in Invocations
  4961 | D:6      | Found a snail-covered altar of Cheibriados.
  5641 | D:6      | Reached skill level 5 in Dodging
  5660 | D:6      | Slain by an orc warrior

Illustrated notes

Levels and vault maps discovered:
D:1:      minmay_arrival_up_and_down, layout_loops_ring,
          ebering_ecumenical_altar_hall
D:2:      layout_loops_ring, kennysheep_nub,
          nicolae_concentric_dashed_squares_mild, mrwooster_statue_mirror,
          dk_vineyard_3, uniq_crazy_yiuf_cottage, uniq_jessica
D:3:      layout_loops_corners, serial_shops, shop
D:4:      layout_rooms, general_overflow_altar, minmay_surrounded
D:5:      layout_basic, mainiacjoe_overflow_24_doors,
          minmay_temple_entry_sparse_star, serial_shops, kennysheep_little_box
D:6:      layout_loops_ring, chequers_temple_overflow_minitemple, slow_altar_1,
          serial_rivers, chequers_serial_rivers_micro_d,
          chequers_serial_rivers_micro_b, chequers_serial_rivers_small_3,
          chequers_serial_rivers_micro_e, chequers_serial_rivers_room_b,
          chequers_serial_rivers_marsh
Temple:   nicolae_temple_ecumenical_triangle

Skill      XL: |  1  2  3  4  5  6  7  8 |
---------------+-------------------------+-----
Stealth        | 1 2 3 4 5 6 7 |  7.0
Short Blades   | 4 5 6 7 |  7.0
Fighting       | 3 |  3.0
Invocations    | 3 7 |  7.0
Dodging        | 5 |  5.0
Throwing       | |  2.0

Action                   |  1- 3 |  4- 6 |  7- 9 || total
-------------------------+-------+-------+-------++-------
Melee: Rapier            |    72 |   160 |   208 ||   440
       Punch             |       |     1 |     4 ||     5
Throw: Javelin           |     1 |     3 |     1 ||     5
       Throwing net      |       |     4 |       ||     4
       Boomerang         |       |       |    14 ||    14
Invok: Stomp             |       |       |     4 ||     4
       Line Pass         |       |       |     1 ||     1
Evoke: Wand              |       |     1 |     2 ||     3
  Use: Potion            |       |     7 |     5 ||    12
       Scroll            |       |       |     5 ||     5
 Stab: Sleeping          |     5 |     9 |     6 ||    20
       Distracted        |       |     3 |     1 ||     4
       Paralysed         |       |     4 |     8 ||    12
       Held in net/web   |       |     1 |       ||     1
Armor: Leather armour    |    23 |     4 |       ||    27
       Robe              |       |    25 |    68 ||    93
Dodge: Dodged            |    44 |   100 |   170 ||   314

Table legend: (Time is in decaauts)
 A = Elapsed time spent in this place.
 B = Non-inter-level travel time spent in this place.
 C = Inter-level travel time spent in this place.
 D = Time resting spent in this place.
 E = Time spent auto-exploring this place.
 F = Levels seen in this place.
 G = Mean time per level.
                   A        B        C        D        E       F      G
               +--------+--------+--------+--------+--------+-----+--------+
         Total |   5618 |   5215 |    403 |      0 |   4024 |   7 |  802.6 |
       Dungeon |   5575 |   5176 |    399 |      0 |   4007 |   6 |  929.2 |
        Temple |     42 |     38 |      4 |      0 |     17 |   1 |   42.0 |
               +--------+--------+--------+--------+--------+-----+--------+

Top non-repeatable levels by time:
     D:5: 1097 daAuts
     D:4: 983 daAuts
     D:3: 913 daAuts
     D:2: 908 daAuts
     D:6: 853 daAuts
     D:1: 818 daAuts
  Temple: 42 daAuts
